 Dungeon Crawl Stone Soup version 0.20.0-10-g0535bb4 (webtiles) character file.

57 Gorglomux the Charmwright (level 3, -3/29 HPs)
             Began as a Vampire Skald on June 5, 2017.
             Slain by a gnoll
             ... wielding a +0 spear
              (7 damage)
             ... on level 3 of the Dungeon.
             The game lasted 00:02:29 (1919 turns).

Gorglomux the Charmwright (Vampire Skald)           Turns: 1919, Time: 00:02:30

Health: -3/29      AC:  5    Str: 10    XL:     3   Next: 73%
Magic:  6/6        EV: 11    Int: 15    God:
Gold:   101        SH:  0    Dex: 14    Spells: 5/6 levels left

rFire    . . .     SeeInvis +   a - +0 falchion
rCold    . . .     Gourm    .   (no shield)
rNeg     . . .     Faith    .   h - +0 ring mail
rPois    .         Spirit   .   (no helmet)
rElec    .         Reflect  .   (no cloak)
rCorr    .         Harm     .   (no gloves)
MR       .....                  (no boots)
Stlth    +.........             (no amulet)
Regen    0.3/turn               (no ring)
MPRegen  0.1/turn               (no ring)

@: regenerating quickly
A: fangs 3, see invisible, unbreathing
a: no special abilities


You were on level 3 of the Dungeon.
You were full.

You visited 1 branch of the dungeon, and saw 3 of its levels.

You collected 101 gold pieces.

Inventory:

Hand Weapons
 a - a +0 falchion (weapon)
Armour
 b - a +0 leather armour
 h - a +0 ring mail (worn)
Scrolls
 g - 2 scrolls of identify {unknown}
 i - 2 scrolls of enchant weapon {unknown}
 j - 2 scrolls of remove curse {unknown}
 l - a scroll of fog {unknown}
 m - a scroll of teleportation {unknown}
 n - a scroll of fear {unknown}
 p - a scroll of amnesia {unknown}
Potions
 d - 9 potions of blood
 e - a potion of flight {unknown}
 f - a potion of cancellation {unknown}
 k - a potion of heal wounds {unknown}
 o - a potion of mutation {unknown}
 q - a potion of curing {unknown}
Books
 c - a book of Battle

   Spells                             Type                      Level
   a - Infusion                       Charms                       1
   b - Shroud of Golubria             Charms/Translocation         2
   c - Song of Slaying                Charms                       2
   d - Spectral Weapon                Hexes/Charms                 3
   e - Regeneration                   Charms/Necromancy            3


   Skills:
 + Level 3.0 Fighting
 + Level 3.1 Long Blades
 - Level 0.7 Armour
 - Level 2.1 Dodging
 - Level 2.0 Spellcasting
 - Level 3.2 Charms


You had 5 spell levels left.
You knew the following spells:

 Your Spells              Type           Power        Failure   Level  Hunger
a - Infusion              Chrm           ##..         16%         1    #......


Dungeon Overview and Level Annotations

Branches:
Dungeon (3/15)

Altars:
Nemelex Xobeh


Innate Abilities, Weirdness & Mutations

Your natural rate of healing is unusually fast.
You have razor-sharp teeth.
You have supernaturally acute eyesight. (SInv)
You can survive without breathing.


Message History

a flail; a gnoll corpse You bottle the corpse's blood.
d - 9 potions of blood (gained 1)
You see here a flail.
You start resting.
Your magical infusion is running out.
HP restored.
You are no longer magically infusing your attacks.
Magic restored.
There is a stone staircase leading down here.
You climb downwards.
The hobgoblin closely misses you.
You riposte.
You barely miss the hobgoblin. The gnoll hits you with a spear!
The gnoll hits you with a spear.
There is a stone staircase leading up here.
Unknown command.
The hobgoblin hits you but does no damage.
The gnoll hits you with a flail!
* * * LOW HITPOINT WARNING * * *
The gnoll hits you with a spear!
You die...

......gg..#
.######.#.#
#.#.#
.######.#'##
.......$...#
...####....#
#....#####.##
#...ggg......
#....@.......
+....(.......
##...#####+##
#...# #...#
#...# +...#
#...


You could see 2 gnolls and a hobgoblin.

Vanquished Creatures
  A gnoll (D:2)
  2 worms (D:2)
  A dart slug (D:2)
  2 leopard geckos (D:1)
  6 bats
  A giant cockroach (D:1)
  6 goblins
  6 hobgoblins
  3 kobolds
  A quokka (D:2)
  3 ball pythons
  2 frilled lizards
  2 rats (D:2)
36 creatures vanquished.

Notes
Turn   | Place    | Note
-------+----------+-------------------------------------------
     0 | D:1      | Gorglomux the Vampire Skald began the quest for the Orb.
     0 | D:1      | Reached XP level 1. HP: 16/16 MP: 3/3
   231 | D:1      | Reached XP level 2. HP: 20/22 MP: 5/5
   980 | D:2      | Reached XP level 3. HP: 25/28 MP: 1/6
  1229 | D:2      | Found a sparkling altar of Nemelex Xobeh.
  1387 | D:2      | Reached skill level 3 in Long Blades
  1893 | D:2      | Reached skill level 3 in Fighting
  1919 | D:3      | Slain by a gnoll

Skill      XL: |  1  2  3 |
---------------+----------+-----
Fighting       | 2 3 |  3.0
Long Blades    | 3 |  3.1
Armour         | |  0.7
Dodging        | |  2.1
Spellcasting   | |  2.0
Charms         | |  3.2

Action                   || total
-------------------------++-------
Melee: Falchion          ||   113
       Bite              ||    13
 Cast: Infusion          ||    10
  Use: Potion            ||     9
Armor: Leather armour    ||     5
       Ring mail         ||    37
Dodge: Dodged            ||    73
       Rpst.: Falchion   ||    17
